 Dungeon Crawl Stone Soup version 0.25.1-2-g60ff931df9 (webtiles) character file.

Game seed: 1163077832420716057

506 Curus the Cleaver (level 6, -2/76 HPs)
             Began as a Minotaur Berserker on Aug 30, 2020.
             Was a Believer of Trog.
             Slain by an ogre
             ... wielding a +0 giant club
              (15 damage)
             ... while paralysed
             ... on level 5 of the Dungeon.
             The game lasted 00:16:42 (3547 turns).

Curus the Cleaver (Minotaur Berserker)              Turns: 3547, Time: 00:16:42

Health: -2/76      AC:  8    Str: 22    XL:     6   Next: 97%
Magic:  5/5        EV:  2    Int:  6    God:    Trog [**....]
Gold:   193        SH:  0    Dex:  9    Spells: 5/5 levels left

rFire    . . .     SeeInvis .   e - +1 hand axe (venom)
rCold    . . .     Gourm    .   (no shield)
rNeg     . . .     Faith    .   l - +0 chain mail
rPois    .         Spirit   .   (helmet restricted)
rElec    .         Reflect  .   (no cloak)
rCorr    .         Harm     .   (no gloves)
MR       .....                  (no boots)
Stlth    ..........             (no amulet)
HPRegen  0.22/turn              f - ring of flight
MPRegen  0.09/turn              (no ring)

@: paralysed, berserking, fainting
A: retaliatory headbutt, horns 2
a: Berserk, Trog's Hand, Renounce Religion, Evoke Flight


You were on level 5 of the Dungeon.
You worshipped Trog.
Trog was pleased with you.
You were fainting.

You visited 1 branch of the dungeon, and saw 5 of its levels.

You collected 193 gold pieces.

Inventory:

Hand Weapons
 a - a +0 hand axe
 e - a +1 hand axe of venom (weapon)
Armour
 b - a +0 animal skin
 d - a +0 ring mail
 l - a +0 chain mail (worn)
Jewellery
 f - a ring of flight (left hand)
Scrolls
 g - 4 scrolls of identify
 h - a scroll of fear
 i - a scroll of magic mapping
 j - a scroll of teleportation
Comestibles
 c - 5 rations


   Skills:
 - Level 3.6 Fighting
 + Level 9.5 Axes
 - Level 2.4 Armour
 - Level 2.1 Dodging


You had 5 spell levels left.
You didn't know any spells.
Your spell library was empty.

Dungeon Overview and Level Annotations

Branches:
Dungeon (5/15)
 Temple: D:4-7

Altars:
Dithmenos
Fedhas
Wu Jian
Zin

Shops:
D:4 %

Annotations:
D:3 2 transporters, dluga93's ghost, amateur DgAE


Innate Abilities, Weirdness & Mutations

You reflexively headbutt those who attack you in melee.
You have a pair of horns on your head.


Message History

Trog accepts your kill.
You start resting.
An ogre comes into view. It is wielding a +0 giant club.
The ogre shouts!
You aren't carrying any items that you can evoke.
A red film seems to cover your vision as you go berserk!
You feel yourself moving faster!
You feel mighty!
You are fainting from starvation!
You slice the ogre!!
The ogre is severely wounded.
You lose consciousness!
The ogre hits you with a +0 giant club! The ogre hits you with a +0 giant club!
* * * LOW HITPOINT WARNING * * *
A hound comes into view.
The ogre hits you with a +0 giant club!
* * * LOW HITPOINT WARNING * * *
The hound barks!
The ogre hits you with a +0 giant club!
You die...

########### #
#..<......# ##.#.#
#.##...##.######.....##
#.##.#.....h...@O......
#.##...##.######.......
#.........# ##.####
#####.##### # #.# #.#
#.# #.# #.#


You could see an ogre and a hound.

Vanquished Creatures
  An ice beast (D:5)
  A phantom (D:4)
  A centaur (D:4)
  A crimson imp (D:4)
  A hound (D:4)
  2 orc wizards (D:3)
  A worker ant (D:4)
  4 adders
  3 worms
  3 dart slugs
  3 leopard geckos
  8 orcs (D:3)
  2 bats
  6 hobgoblins
  3 jackals (D:3)
  7 kobolds
  A quokka (D:3)
  A ball python (D:1)
  2 frilled lizards (D:3)
  8 goblins
  9 rats
68 creatures vanquished.

Vanquished Creatures (others)
  A quokka (D:5)
1 creature vanquished.

Grand Total: 69 creatures vanquished

Notes
Turn   | Place    | Note
-------+----------+-------------------------------------------
     0 | D:1      | Curus the Minotaur Berserker began the quest for the Orb.
     0 | D:1      | Reached XP level 1. HP: 19/19 MP: 0/0
   120 | D:1      | Reached skill level 4 in Axes
   130 | D:1      | Reached XP level 2. HP: 14/26 MP: 1/1
   406 | D:1      | You fall into a shaft and drop 1 floor!
   525 | D:2      | Reached skill level 5 in Axes
   525 | D:2      | Reached XP level 3. HP: 31/31 MP: 2/2
   660 | D:2      | Reached ** piety under Trog
  1174 | D:2      | Found a shadowy altar of Dithmenos.
  1532 | D:2      | Reached skill level 6 in Axes
  1532 | D:2      | Reached XP level 4. HP: 39/39 MP: 3/3
  1554 | D:2      | Found a glowing silver altar of Zin.
  1744 | D:3      | Found a transporter.
  1744 | D:3      | Noticed dluga93's ghost (amateur DgAE)
  1765 | D:3      | Noticed a necrophage
  1802 | D:3      | Found an ornate altar of the Wu Jian Council.
  1876 | D:3      | Found a transporter.
  2136 | D:3      | Reached skill level 7 in Axes
  2136 | D:3      | Reached XP level 5. HP: 30/45 MP: 4/4
  2593 | D:4      | Noticed a phantom
  2633 | D:4      | Killed a phantom
  2633 | D:4      | Reached skill level 8 in Axes
  2633 | D:4      | Reached XP level 6. HP: 28/51 MP: 5/5
  2898 | D:4      | Found a blossoming altar of Fedhas.
  2915 | D:4      | Reached skill level 9 in Axes
  3217 | D:4      | Found Xoekh's Food Emporium.
  3360 | D:5      | Entered Level 5 of the Dungeon
  3381 | D:5      | Noticed an ice beast
  3394 | D:5      | Killed an ice beast
  3543 | D:5      | Paralysed by fainting for 11 turns
  3547 | D:5      | Slain by an ogre

Illustrated notes

Levels and vault maps discovered:
D:1:      saegor_arrival_simple_b, layout_basic
D:2:      layout_basic, marbit_many_paths, zin_treasury, hex_medium
D:3:      layout_basic, lemuel_doored_altar, gammafunk_ghost_mausoleum
D:4:      layout_cave_pools, serial_shops, nicolae_shop_statue_plus,
          fedhas_bush_and_centaur_altar
D:5:      layout_loops_corners, elyvilon_altar_4, first_ration, serial_shops,
          nicolae_shop_window_shopping

Skill      XL: |  1  2  3  4  5  6 |
---------------+-------------------+-----
Axes           | 4 5 6 7 8 9 |  9.5
Fighting       | |  3.6
Armour         | |  2.4
Dodging        | |  2.1

Action                   |  1- 3 |  4- 6 || total
-------------------------+-------+-------++-------
Melee: Hand axe          |    64 |    97 ||   161
       Headbutt          |     6 |    13 ||    19
Invok: Berserk           |       |     3 ||     3
       Trog's Hand       |       |     1 ||     1
  Use: Scroll            |     7 |     2 ||     9
       Potion            |     3 |     1 ||     4
  Eat: Chunk             |     1 |     8 ||     9
Armor: Ring mail         |    15 |    23 ||    38
       Chain mail        |       |     8 ||     8
Dodge: Dodged            |    35 |    41 ||    76
